| TOP OF THE 1ST |
|
Minnesota (NYP) Twins batting - Pitching for Idaho Falls Chukars : RHP Justin Potts
|
|
Pitching: RHP Justin Potts
|
|
|
Batting: RHB John Dew
|
0-0: Called Strike 0-1: Ball 1-1: Ball 2-1: Ground out 6-3 (Groundball, 6, EV 81.2 MPH)
|
|
Batting: SHB Manny Molina
|
0-0: SINGLE (Groundball, 4MD, EV 105.6 MPH)
|
|
Batting: LHB Jayden Thomas
|
0-0: Ball Manny Molina is caught stealing 2nd base 2-6 1-0: Swinging Strike 1-1: Ball 2-1: Ball 3-1: Base on Balls
|
|
Batting: LHB Kuemon Shishido
|
0-0: Ball 1-0: Called Strike Jayden Thomas is caught stealing 2nd base 2-6
|
| Top of the 1st over - 0 runs, 1 hit, 0 errors, 0 left on base; Minnesota (NYP) 0 - Idaho Falls 0 |
| BOTTOM OF THE 1ST |
|
Idaho Falls Chukars batting - Pitching for Minnesota (NYP) Twins : LHP Bobby Molina
|
|
Pitching: LHP Bobby Molina
|
|
|
Batting: RHB Tim Persson
|
0-0: Swinging Strike 0-1: Ball 1-1: Ball 2-1: Ball 3-1: Foul Ball, location: 2F 3-2: Strikes out looking
|
|
Batting: RHB Kevin Wimberly
|
0-0: Ball 1-0: Called Strike 1-1: Swinging Strike 1-2: Strikes out looking
|
|
Batting: RHB Edwin Ramos
|
0-0: Called Strike 0-1: Ball 1-1: Ball 2-1: Called Strike 2-2: Strikes out swinging
|
| Bottom of the 1st over - 0 runs, 0 hits, 0 errors, 0 left on base; Minnesota (NYP) 0 - Idaho Falls 0 |
| TOP OF THE 2ND |
|
Minnesota (NYP) Twins batting - Pitching for Idaho Falls Chukars : RHP Justin Potts
|
|
Batting: LHB Kuemon Shishido
|
0-0: Called Strike 0-1: Foul Ball, location: 2F 0-2: Ball 1-2: Ground out 4-3 (Groundball, 4, EV 83.1 MPH)
|
|
Batting: SHB Chris Hull
|
0-0: Foul Ball, location: 2F 0-1: Ball 1-1: Ball 2-1: DOUBLE (Groundball, 3L, EV 103.1 MPH)
|
|
Batting: RHB Nick Phipps
|
0-0: Ball 1-0: Called Strike 1-1: Swinging Strike 1-2: Ball 2-2: Foul Ball, location: 2F 2-2: Strikes out swinging
|
|
Batting: RHB Leo Gonzalez
|
0-0: Called Strike 0-1: Called Strike 0-2: Ball 1-2: Foul Ball, location: 2F 1-2: Ball 2-2: Strikes out looking
|
| Top of the 2nd over - 0 runs, 1 hit, 0 errors, 1 left on base; Minnesota (NYP) 0 - Idaho Falls 0 |
| BOTTOM OF THE 2ND |
|
Idaho Falls Chukars batting - Pitching for Minnesota (NYP) Twins : LHP Bobby Molina
|
|
Batting: LHB Joe Cozart
|
0-0: Called Strike 0-1: Swinging Strike 0-2: Ball 1-2: Strikes out swinging
|
|
Batting: RHB Chad Sullivan
|
0-0: Ball 1-0: Called Strike 1-1: Ball 2-1: Called Strike 2-2: Foul Ball, location: 2F 2-2: Ball 3-2: Foul Ball, location: 2F 3-2: Strikes out swinging
|
|
Batting: RHB Chance Argy
|
0-0: Swinging Strike 0-1: Fly out, F9 (Flyball, 9S, EV 81.9 MPH)
|
| Bottom of the 2nd over - 0 runs, 0 hits, 0 errors, 0 left on base; Minnesota (NYP) 0 - Idaho Falls 0 |
| TOP OF THE 3RD |
|
Minnesota (NYP) Twins batting - Pitching for Idaho Falls Chukars : RHP Justin Potts
|
|
Batting: LHB Yasutoshi Hayashi
|
0-0: Swinging Strike 0-1: Swinging Strike 0-2: Ball 1-2: Ball 2-2: Foul Ball, location: 2F 2-2: Strikes out swinging
|
|
Batting: RHB Andrew Rich
|
0-0: Ball 1-0: DOUBLE (Line Drive, 78D, EV 106.2 MPH)
|
|
Batting: RHB John Dew
|
0-0: Ball 1-0: Ball 2-0: Called Strike 2-1: SINGLE (Groundball, 6MD, EV 100.6 MPH) Andrew Rich to third
|
|
Batting: SHB Manny Molina
|
0-0: Called Strike John Dew is caught stealing 2nd base 2-6 0-1: Called Strike 0-2: SINGLE (Groundball, 23, EV 65.0 MPH) (infield hit) Andrew Rich scores
|
|
Batting: LHB Jayden Thomas
|
0-0: Ball 1-0: Ball Manny Molina steals 2nd base 2-0: TRIPLE (Groundball, 3L, EV 101.9 MPH) Manny Molina scores
|
|
Batting: LHB Kuemon Shishido
|
0-0: Ball 1-0: Ball 2-0: Ball 3-0: Base on Balls
|
|
Batting: SHB Chris Hull
|
0-0: Ball 1-0: Ball Wild Pitch! Jayden Thomas scores Kuemon Shishido to second 2-0: Called Strike 2-1: Ground out 6-3 (Groundball, 6, EV 95.6 MPH)
|
| Top of the 3rd over - 3 runs, 4 hits, 0 errors, 1 left on base; Minnesota (NYP) 3 - Idaho Falls 0 |
| BOTTOM OF THE 3RD |
|
Idaho Falls Chukars batting - Pitching for Minnesota (NYP) Twins : LHP Bobby Molina
|
|
Batting: LHB Randy Stapleton
|
0-0: Foul Ball, location: 2F 0-1: Swinging Strike 0-2: SINGLE (Groundball, 4MS, EV 73.8 MPH) (infield hit)
|
|
Batting: RHB Justin Goff
|
0-0: Ball 1-0: Called Strike 1-1: Ball 2-1: Ball 3-1: Foul Ball, location: 2F 3-2: Strikes out swinging
|
|
Batting: LHB Danny Pacheco
|
0-0: Called Strike 0-1: Swinging Strike 0-2: Ball 1-2: Foul Ball, location: 2F 1-2: Strikes out swinging
|
|
Batting: RHB Tim Persson
|
0-0: Ball 1-0: Swinging Strike 1-1: Foul Ball, location: 2F 1-2: Strikes out swinging
|
| Bottom of the 3rd over - 0 runs, 1 hit, 0 errors, 1 left on base; Minnesota (NYP) 3 - Idaho Falls 0 |
| TOP OF THE 4TH |
|
Minnesota (NYP) Twins batting - Pitching for Idaho Falls Chukars : RHP Justin Potts
|
|
Batting: RHB Nick Phipps
|
0-0: Called Strike 0-1: Foul Ball, location: 2F 0-2: Strikes out looking
|
|
Batting: RHB Leo Gonzalez
|
0-0: Ball 1-0: Foul Ball, location: 2F 1-1: Foul Ball, location: 2F 1-2: Strikes out looking
|
|
Batting: LHB Yasutoshi Hayashi
|
0-0: Called Strike 0-1: Ball 1-1: Called Strike 1-2: DOUBLE (Flyball, 9LD, EV 113.1 MPH)
|
|
Batting: RHB Andrew Rich
|
0-0: Ball 1-0: Called Strike 1-1: Ground out 5-3 (Groundball, 56, EV 108.1 MPH)
|
| Top of the 4th over - 0 runs, 1 hit, 0 errors, 1 left on base; Minnesota (NYP) 3 - Idaho Falls 0 |
| BOTTOM OF THE 4TH |
|
Idaho Falls Chukars batting - Pitching for Minnesota (NYP) Twins : LHP Bobby Molina
|
|
Batting: RHB Kevin Wimberly
|
0-0: Swinging Strike 0-1: Foul Ball, location: 2F 0-2: Strikes out swinging
|
|
Batting: RHB Edwin Ramos
|
0-0: Ball 1-0: Called Strike 1-1: Foul Ball, location: 2F 1-2: Strikes out swinging
|
|
Batting: LHB Joe Cozart
|
0-0: Ball 1-0: Foul Ball, location: 2F 1-1: Ball 2-1: Called Strike 2-2: Strikes out looking
|
| Bottom of the 4th over - 0 runs, 0 hits, 0 errors, 0 left on base; Minnesota (NYP) 3 - Idaho Falls 0 |
| TOP OF THE 5TH |
|
Minnesota (NYP) Twins batting - Pitching for Idaho Falls Chukars : RHP Justin Potts
|
|
Batting: RHB John Dew
|
0-0: Ball 1-0: Swinging Strike 1-1: Ball 2-1: Called Strike 2-2: Ball 3-2: Base on Balls
|
|
Batting: SHB Manny Molina
|
0-0: Ball 1-0: Foul Ball, location: 2F 1-1: Ball 2-1: Hit by Pitch John Dew to second
|
|
Batting: LHB Jayden Thomas
|
0-0: Ball 1-0: Swinging Strike 1-1: Called Strike 1-2: Foul Ball, location: 2F 1-2: Strikes out swinging
|
|
Batting: LHB Kuemon Shishido
|
0-0: Grounds into double play, 1-6-3 (Groundball, 13, EV 65.6 MPH)
|
| Top of the 5th over - 0 runs, 0 hits, 0 errors, 1 left on base; Minnesota (NYP) 3 - Idaho Falls 0 |
| BOTTOM OF THE 5TH |
|
Idaho Falls Chukars batting - Pitching for Minnesota (NYP) Twins : LHP Bobby Molina
|
|
Batting: RHB Chad Sullivan
|
0-0: Called Strike 0-1: Ball 1-1: Ball 2-1: Foul Ball, location: 2F 2-2: Ground out 4-3 (Groundball, 4M, EV 101.9 MPH)
|
|
Batting: RHB Chance Argy
|
0-0: Ball 1-0: Ball 2-0: Ball 3-0: Base on Balls
|
|
Batting: LHB Randy Stapleton
|
0-0: Swinging Strike 0-1: Ball 1-1: 2-RUN HOME RUN (Flyball, 9LD, EV 98.1 MPH), Distance : 363 ft
|
|
Batting: RHB Justin Goff
|
0-0: Ball 1-0: Ball 2-0: Swinging Strike 2-1: Foul Ball, location: 2F 2-2: Strikes out swinging
|
|
Batting: LHB Danny Pacheco
|
0-0: Called Strike 0-1: Swinging Strike 0-2: Strikes out looking
|
| Bottom of the 5th over - 2 runs, 1 hit, 0 errors, 0 left on base; Minnesota (NYP) 3 - Idaho Falls 2 |
| TOP OF THE 6TH |
|
Minnesota (NYP) Twins batting - Pitching for Idaho Falls Chukars : RHP Justin Potts
|
|
Batting: SHB Chris Hull
|
0-0: Ball 1-0: Ball 2-0: Ball 3-0: Swinging Strike 3-1: Base on Balls
|
|
Batting: RHB Nick Phipps
|
0-0: Swinging Strike 0-1: Fielders Choice at 2nd, 5-4 (Groundball, 56S, EV 87.5 MPH)
|
|
Batting: RHB Leo Gonzalez
|
0-0: Ball Nick Phipps steals 2nd base (no throw) 1-0: Foul Ball, location: 2F 1-1: Foul Ball, location: 2F 1-2: Strikes out swinging
|
|
Batting: LHB Yasutoshi Hayashi
|
0-0: Ball 1-0: Called Strike 1-1: SINGLE (Line Drive, 34, EV 96.9 MPH) Nick Phipps to third Runner from 3rd tries for Home, throw by RF and OUT! 9-2
|
| Top of the 6th over - 0 runs, 1 hit, 0 errors, 1 left on base; Minnesota (NYP) 3 - Idaho Falls 2 |
| BOTTOM OF THE 6TH |
|
Idaho Falls Chukars batting - Pitching for Minnesota (NYP) Twins : LHP Bobby Molina
|
|
Batting: RHB Tim Persson
|
0-0: Called Strike 0-1: Foul Ball, location: 2F 0-2: Ball 1-2: Ball 2-2: Foul Ball, location: 2F 2-2: Ball 3-2: Base on Balls
|
|
Batting: RHB Kevin Wimberly
|
0-0: Ball Tim Persson steals 2nd base 1-0: Called Strike 1-1: Ball 2-1: Called Strike 2-2: Ball 3-2: Base on Balls
|
|
Batting: RHB Edwin Ramos
|
0-0: Swinging Strike 0-1: Ball 1-1: Foul Ball, location: 2F 1-2: Ball 2-2: Strikes out swinging
|
|
Pitching: RHP Cody Bryant
|
|
|
Batting: LHB Joe Cozart
|
0-0: Called Strike 0-1: Ball 1-1: SINGLE (Groundball, 4D, EV 95.0 MPH) Tim Persson to third Kevin Wimberly to second Runner from 3rd tries for Home, SAFE, throw by RF to home
|
|
Batting: RHB Chad Sullivan
|
0-0: Ball 1-0: Ball 2-0: Ball 3-0: Base on Balls Kevin Wimberly to third Joe Cozart to second
|
|
Batting: RHB Chance Argy
|
0-0: Called Strike 0-1: Foul Ball, location: 2F 0-2: Hit by Pitch Kevin Wimberly scores Joe Cozart to third Chad Sullivan to second
|
|
Batting: LHB Randy Stapleton
|
0-0: Called Strike 0-1: Swinging Strike 0-2: Strikes out swinging
|
|
Batting: RHB Justin Goff
|
0-0: Called Strike 0-1: Ball 1-1: Ball 2-1: Ball 3-1: Foul Ball, location: 2F 3-2: Strikes out swinging
|
| Bottom of the 6th over - 2 runs, 1 hit, 0 errors, 3 left on base; Minnesota (NYP) 3 - Idaho Falls 4 |
| TOP OF THE 7TH |
|
Minnesota (NYP) Twins batting - Pitching for Idaho Falls Chukars : RHP Justin Potts
|
|
Pitching: RHP Kevin Tumbleson
|
|
|
Batting: RHB Andrew Rich
|
0-0: Called Strike 0-1: Ball 1-1: Ground out 1-3 (Groundball, 15S, EV 71.2 MPH)
|
|
Batting: RHB John Dew
|
0-0: Ball 1-0: SINGLE (Groundball, 56D, EV 104.4 MPH)
|
|
Batting: SHB Manny Molina
|
0-0: Ball 1-0: Ball John Dew steals 2nd base 2-0: Called Strike 2-1: Swinging Strike 2-2: Ball 3-2: Foul Ball, location: 2F 3-2: Foul Ball, location: 2F 3-2: Strikes out swinging
|
|
Batting: LHB Jayden Thomas
|
0-0: Foul Ball, location: 2F 0-1: DOUBLE (Line Drive, 89D, EV 105.6 MPH) John Dew scores
|
|
Batting: LHB Kuemon Shishido
|
0-0: Called Strike 0-1: Foul Ball, location: 2F 0-2: Fly out, F8 (Flyball, 8RD, EV 101.2 MPH)
|
| Top of the 7th over - 1 run, 2 hits, 0 errors, 1 left on base; Minnesota (NYP) 4 - Idaho Falls 4 |
| BOTTOM OF THE 7TH |
|
Idaho Falls Chukars batting - Pitching for Minnesota (NYP) Twins : RHP Cody Bryant
|
|
Pitching: RHP Tom Winsor
|
|
|
Batting: LHB Danny Pacheco
|
0-0: Called Strike 0-1: Foul Ball, location: 2F 0-2: Ball 1-2: Ball 2-2: Foul Ball, location: 2F 2-2: Foul Ball, location: 2F 2-2: Foul Ball, location: 2F 2-2: Ball 3-2: Strikes out looking
|
|
Batting: RHB Tim Persson
|
0-0: Foul Ball, location: 2F 0-1: Swinging Strike 0-2: Ball 1-2: Strikes out swinging
|
|
Batting: RHB Kevin Wimberly
|
0-0: DOUBLE (Line Drive, 9LM, EV 105.0 MPH)
|
|
Batting: RHB Edwin Ramos
|
0-0: SINGLE (Line Drive, 4M, EV 100.6 MPH) Kevin Wimberly to third Runner from 3rd tries for Home, SAFE, throw by CF to home Edwin Ramos to second
|
|
Batting: LHB Joe Cozart
|
0-0: Ball 1-0: SINGLE (Line Drive, 6MD, EV 104.4 MPH) Edwin Ramos to third
|
|
Batting: RHB Chad Sullivan
|
0-0: Called Strike 0-1: Ball 1-1: Ground out 5-3 (Groundball, 56S, EV 75.6 MPH)
|
| Bottom of the 7th over - 1 run, 3 hits, 0 errors, 2 left on base; Minnesota (NYP) 4 - Idaho Falls 5 |
| TOP OF THE 8TH |
|
Minnesota (NYP) Twins batting - Pitching for Idaho Falls Chukars : RHP Kevin Tumbleson
|
|
Batting: SHB Chris Hull
|
0-0: Called Strike 0-1: Ball 1-1: Foul Ball, location: 2F 1-2: Ball 2-2: Foul Ball, location: 2F 2-2: Strikes out swinging
|
|
Batting: RHB Nick Phipps
|
0-0: Hit by Pitch
|
|
Batting: RHB Leo Gonzalez
|
0-0: Swinging Strike 0-1: Called Strike 0-2: Foul Ball, location: 2F 0-2: Strikes out looking
|
|
Batting: LHB Yasutoshi Hayashi
|
0-0: Ball 1-0: Ball 2-0: Called Strike 2-1: Called Strike 2-2: Fielders Choice at 2nd, 6-4 (Groundball, 6, EV 86.2 MPH)
|
| Top of the 8th over - 0 runs, 0 hits, 0 errors, 1 left on base; Minnesota (NYP) 4 - Idaho Falls 5 |
| BOTTOM OF THE 8TH |
|
Idaho Falls Chukars batting - Pitching for Minnesota (NYP) Twins : RHP Tom Winsor
|
|
Batting: RHB Chance Argy
|
0-0: Ball 1-0: Ball 2-0: Foul Ball, location: 2F 2-1: Called Strike 2-2: Ground out U3 (Groundball, 34, EV 86.2 MPH)
|
|
Batting: LHB Randy Stapleton
|
0-0: Fly out, F8 (Flyball, 8RM, EV 85.0 MPH)
|
|
Batting: RHB Justin Goff
|
0-0: SINGLE (Line Drive, 9S, EV 88.1 MPH)
|
|
Batting: LHB Danny Pacheco
|
0-0: Ball 1-0: Called Strike 1-1: Ball 2-1: Swinging Strike 2-2: Foul Ball, location: 2F 2-2: Ball 3-2: Base on Balls Justin Goff to second
|
|
Pinch Runner at 2nd Ernesto Abreu:
|
|
|
Batting: RHB Tim Persson
|
0-0: Foul Ball, location: 2F 0-1: Ground out U3 (Groundball, 34, EV 93.1 MPH)
|
| Bottom of the 8th over - 0 runs, 1 hit, 0 errors, 2 left on base; Minnesota (NYP) 4 - Idaho Falls 5 |
| TOP OF THE 9TH |
|
Minnesota (NYP) Twins batting - Pitching for Idaho Falls Chukars : RHP Kevin Tumbleson
|
|
Pitching: RHP Mike Galvin
|
|
|
Now at C: Rob Ward
|
|
|
Batting: RHB Andrew Rich
|
0-0: Called Strike 0-1: Swinging Strike 0-2: Foul Ball, location: 2F 0-2: Ball 1-2: DOUBLE (Line Drive, 89XD, EV 110.6 MPH)
|
|
Batting: RHB John Dew
|
0-0: Ball 1-0: Ball 2-0: Called Strike 2-1: Foul Ball, location: 2F 2-2: Foul Ball, location: 2F 2-2: Ground out 6-3 (Groundball, 6, EV 80.6 MPH)
|
|
Batting: SHB Manny Molina
|
0-0: Ball 1-0: Ball 2-0: Ball 3-0: Base on Balls
|
|
Batting: LHB Jayden Thomas
|
0-0: Called Strike 0-1: Foul Ball, location: 2F 0-2: Foul Ball, location: 2F 0-2: Foul Ball, location: 2F 0-2: Ball 1-2: Foul Ball, location: 2F 1-2: Grounds into double play, 6-4-3 (Groundball, 6M, EV 84.4 MPH)
|
| Top of the 9th over - 0 runs, 1 hit, 0 errors, 1 left on base; Minnesota (NYP) 4 - Idaho Falls 5 |
|